 Dungeon Crawl Stone Soup version 0.29.1-12-g30fa7ad0bf (webtiles) character file.

Game seed: 3193604133458419611

137 MisterFreud the Sneak (level 5, -2/43 HPs)
             Began as a Gnoll Brigand on Dec 28, 2022.
             Blown up by Pikel (20 damage)
             ... with a mindburst bolt
             ... on level 4 of the Dungeon.
             The game lasted 00:03:25 (2596 turns).

MisterFreud the Sneak (Gnoll Brigand)               Turns: 2596, Time: 00:03:26

Health: -2/43      AC:  5    Str: 11    XL:     5   Next: 20%
Magic:  3/16       EV: 12    Int: 12    God:
Gold:   156        SH:  0    Dex: 13    Spells: 4/6 levels left

rFire   . . .      SeeInvis .   a - +2 dagger
rCold   . . .      Faith    .   (no shield)
rNeg    . . .      Spirit   .   b - +0 robe
rPois   .          Reflect  .   (no helmet)
rElec   .          Harm     .   c - +1 cloak
rCorr   .          Rampage  .   r - +0 pair of gloves
Will    .....                   (no boots)
Stlth   ++++......              j - amulet of regeneration
HPRegen 0.94/turn               f - ring of wizardry
MPRegen 0.15/turn               g - ring of magical power

@: no status effects
A: fangs 1, strong nose, distributed training
a: no special abilities


You were on level 4 of the Dungeon.
You visited 1 branch of the dungeon, and saw 4 of its levels.

You collected 156 gold pieces.

Inventory:

Hand Weapons
 a - a +2 dagger (weapon)
Missiles
 d - 12 poisoned darts (quivered)
 e - 3 curare-tipped darts
 l - 2 throwing nets
Armour
 b - a +0 robe (worn)
 c - a +1 cloak (worn)
 r - a +0 pair of gloves (worn)
Jewellery
 f - a ring of wizardry (left hand)
 g - a ring of magical power (right hand)
 j - an amulet of regeneration (around neck)
 o - a ring of protection from fire
Scrolls
 k - a scroll of immolation
 m - 5 scrolls of identify
 p - a scroll of enchant armour
Potions
 h - a potion of might {unknown}
 i - 2 potions of curing {unknown}
 n - a potion of haste {unknown}
 q - 2 potions of heal wounds


   Skills:
 + Level 4.8 Fighting
 + Level 4.8 Short Blades
 + Level 1.4 Long Blades
 + Level 1.4 Axes
 + Level 1.4 Maces & Flails
 + Level 1.4 Polearms
 + Level 1.4 Staves
 + Level 1.4 Ranged Weapons
 + Level 4.8 Throwing
 + Level 1.4 Armour
 + Level 3.0 Dodging
 + Level 7.9 Stealth
 + Level 1.4 Shields
 + Level 1.4 Unarmed Combat
 + Level 1.4 Spellcasting
 + Level 1.1 Conjurations
 + Level 1.1 Hexes
 + Level 1.1 Summonings
 + Level 1.1 Necromancy
 + Level 1.1 Translocations
 + Level 1.1 Transmutations
 + Level 1.1 Fire Magic
 + Level 1.1 Ice Magic
 + Level 1.1 Air Magic
 + Level 1.1 Earth Magic
 + Level 1.1 Poison Magic
 + Level 1.6 Invocations
 + Level 1.4 Evocations


You had 4 spell levels left.
You knew the following spells:

 Your Spells              Type           Power      Damage    Failure   Level
a - Ensorcelled Hibernat  Hex/Ice        6%         N/A       11%         2

Your spell library contained the following spells:

 Spells                   Type           Power      Damage    Failure   Level
 Passwall                 Tmut/Erth      2%         N/A       11%         2
 Swiftness                Air            3%         N/A       21%         3


Dungeon Overview and Level Annotations

Branches:
Dungeon (4/15)
 Temple: D:4-7

Altars:

Annotations:
D:4 Eustachio, Pikel


Innate Abilities, Weirdness & Mutations

You have very sharp teeth.
Your uncanny sense of smell can sniff out nearby items.
Your experience applies equally to all skills.


Message History

The creatures around you are filled with an inner flame!
It was a scroll of immolation.
Pikel zaps a wand.
You barely resist.
Okay, then.
Unknown command.
Unknown command.
Unknown command.
Unknown command.
Unknown command.
Unknown command.
Casting: Ensorcelled Hibernation (safe; 11% risk of failure)
Confirm with . or Enter, or press ? or * to list all spells.
Aiming: Ensorcelled Hibernation (safe; 11% risk of failure)
Press: ? - help, Shift-Dir - straight line, f/p - Pikel
Aim: Pikel, wielding a +2 whip of flaming, wearing a +2 robe of willpower and carrying a wand of mindburst (16) (inner flame, chance to affect: 10%) Pikel resists with almost no effort.
Pikel hits you with a +2 whip of flaming.
Pikel burns you.
Unknown command.
Pikel zaps a wand.
You barely resist.
Eustachio the Magnificent comes into view.
He is wielding a +0 falchion.
Eustachio shouts!
Your magical contamination has completely faded away.
Okay, then.
Unknown command.
You aren't carrying any items that you can evoke.
Unknown command.
Unknown command.
Unknown command.
Unknown command.
Unknown command.
Unknown command.
Unknown command.
Unknown command.
Eustachio casts a spell.
Eustachio blinks!
Eustachio gestures wildly while chanting.
Eustachio blinks!
Pikel zaps a wand.
Your mind is blasted!
Pikel zaps a wand.
Your mind is blasted!
You die...

.?## #....#
..# 5
∆#...K#####..#
#...K.......#
########.#.##
..# #.@.#
#.####.###
#.##.K.#
####.##K###
#.@.....#
#.##.####
#....# ######


You could see Pikel (inner flame).

Vanquished Creatures
  A lemure (D:4)
  Natasha (twice) (D:2)
  2 adders
  A white imp (D:3)
  A worm (D:2)
  2 dart slugs
  2 orcs
  2 ball pythons (D:3)
  5 bats
  5 endoplasms
  2 giant cockroaches
  4 goblins
  4 hobgoblins
  5 jackals
  4 frilled lizards
  7 kobolds
  6 rats
  A butterfly (D:1)
56 creatures vanquished.

Notes
Turn   | Place    | Note
-------+----------+-------------------------------------------
     0 | D:1      | MisterFreud the Gnoll Brigand began the quest for the Orb.
     0 | D:1      | Reached XP level 1. HP: 20/20 MP: 1/1
   757 | D:1      | Reached XP level 2. HP: 26/26 MP: 2/2
   956 | D:2      | Reached XP level 3. HP: 31/31 MP: 3/3
   963 | D:2      | Learned a level 2 spell: Ensorcelled Hibernation
  1122 | D:2      | Noticed Natasha
  1131 | D:2      | Killed Natasha
  1132 | D:2      | Reached skill level 1 in Long Blades
  1132 | D:2      | Reached skill level 1 in Axes
  1132 | D:2      | Reached skill level 1 in Maces & Flails
  1132 | D:2      | Reached skill level 1 in Polearms
  1132 | D:2      | Reached skill level 1 in Staves
  1132 | D:2      | Reached skill level 1 in Ranged Weapons
  1132 | D:2      | Reached skill level 1 in Armour
  1132 | D:2      | Reached skill level 1 in Shields
  1132 | D:2      | Reached skill level 1 in Unarmed Combat
  1132 | D:2      | Reached skill level 1 in Spellcasting
  1132 | D:2      | Reached skill level 1 in Invocations
  1132 | D:2      | Reached skill level 1 in Evocations
  1232 | D:2      | Reached XP level 4. HP: 36/38 MP: 5/5
  1295 | D:2      | Noticed Natasha
  1315 | D:2      | Killed Natasha
  1316 | D:2      | Reached skill level 1 in Conjurations
  1316 | D:2      | Reached skill level 1 in Hexes
  1316 | D:2      | Reached skill level 1 in Summonings
  1316 | D:2      | Reached skill level 1 in Necromancy
  1316 | D:2      | Reached skill level 1 in Translocations
  1316 | D:2      | Reached skill level 1 in Transmutations
  1316 | D:2      | Reached skill level 1 in Fire Magic
  1316 | D:2      | Reached skill level 1 in Ice Magic
  1316 | D:2      | Reached skill level 1 in Air Magic
  1316 | D:2      | Reached skill level 1 in Earth Magic
  1316 | D:2      | Reached skill level 1 in Poison Magic
  1804 | D:3      | Reached XP level 5. HP: 29/43 MP: 1/7
  2206 | D:3      | Found a faded altar of an unknown god.
  2206 | D:3      | Noticed a golden eye
  2209 | D:3      | Noticed a floating eye
  2209 | D:3      | Noticed a floating eye
  2209 | D:3      | Noticed an eye of devastation
  2545 | D:4      | Noticed a lemure
  2545 | D:4      | Noticed a lemure
  2545 | D:4      | Noticed Pikel
  2547 | D:4      | Noticed a lemure
  2562 | D:4      | Noticed a lemure
  2563 | D:4      | Killed a lemure
  2581 | D:4      | Noticed Eustachio
  2596 | D:4      | Blown up by Pikel

Illustrated notes

Levels and vault maps discovered:
D:1:      dpeg_arrival_arbitrary_a, layout_loops_ring, hangedman_glass_garden
D:2:      layout_basic, uniq_natasha
D:3:      layout_loops_ring, hellmonk_ecumenical_altar_watching_god,
          chequers_serial_rivers_small_a, grunt_ministairs_11,
          minmay_starry_boxes
D:4:      layout_basic, serial_shops, kennysheep_mini,
          kennysheep_generic_room_14, uniq_eustachio, uniq_pikel

Skill      XL: |  1  2  3  4  5 |
---------------+----------------+-----
Long Blades    | 1 |  1.4
Axes           | 1 |  1.4
Maces & Flails | 1 |  1.4
Polearms       | 1 |  1.4
Staves         | 1 |  1.4
Ranged Weapons | 1 |  1.4
Armour         | 1 |  1.4
Shields        | 1 |  1.4
Unarmed Combat | 1 |  1.4
Spellcasting   | 1 |  1.4
Invocations    | 1 |  1.6
Evocations     | 1 |  1.4
Conjurations   | 1 |  1.1
Hexes          | 1 |  1.1
Summonings     | 1 |  1.1
Necromancy     | 1 |  1.1
Translocations | 1 |  1.1
Transmutations | 1 |  1.1
Fire Magic     | 1 |  1.1
Ice Magic      | 1 |  1.1
Air Magic      | 1 |  1.1
Earth Magic    | 1 |  1.1
Poison Magic   | 1 |  1.1
Dodging        | 3 |  3.0
Fighting       | |  4.8
Short Blades   | |  4.8
Throwing       | |  4.8
Stealth        | |  7.9

Action                   |  1- 3 |  4- 6 || total
-------------------------+-------+-------++-------
Melee: Dagger            |    75 |    89 ||   164
       Bite              |     4 |    10 ||    14
       Punch             |       |     2 ||     2
 Cast: Ensorcelled Hiber |     1 |    13 ||    14
  Use: Scroll            |       |     5 ||     5
       Potion            |       |     1 ||     1
 Stab: Sleeping          |     8 |    11 ||    19
Armor: Robe              |    10 |    23 ||    33
Dodge: Dodged            |    26 |    49 ||    75
